 Dungeon Crawl Stone Soup version 0.27.0-1-g7a089689b8 (webtiles) character file.

Game seed: 11469412023035414943

1085 Crazydiamond the Insei (level 8, -1/51 HPs)
             Began as an Octopode Transmuter on Aug 16, 2021.
             Was an Initiate of Sif Muna.
             Slain by a steam dragon (4 damage)
             ... on level 6 of the Dungeon.
             The game lasted 00:20:36 (7734 turns).

Crazydiamond the Insei (Octopode Transmuter)        Turns: 7734, Time: 00:20:36

Health: -1/51      AC:  2    Str: 11    XL:     8   Next: 30%
Magic:  11/13      EV: 21    Int: 15    God:    Sif Muna [......]
Gold:   83         SH:  0    Dex: 18    Spells: 3/13 levels left

rFire    . . .     SeeInvis .     - Unarmed
rCold    . . .     Faith    .   (shield currently unavailable)
rNeg     . . .     Spirit   .   (helmet currently unavailable)
rPois    x         Reflect  .   (no amulet)
rElec    .         Harm     .   (no ring)
rCorr    .         Rampage  .   (no ring)
Will     .....                  (no ring)
Stlth    +++.......             (no ring)
HPRegen  0.17/turn              (no ring)
MPRegen  0.13/turn              (no ring)
                                (no ring)
                                (no ring)

@: spider-form
A: venomous fangs, almost no armour, (amphibious), 8 rings, tiny, (camouflage
1), (gelatinous body 1), (nimble swimmer 1), (tentacles)
a: End Transformation, Renounce Religion


You were on level 6 of the Dungeon.
You worshipped Sif Muna.
Sif Muna was noncommittal.
You were a venomous arachnid creature.
You visited 2 branches of the dungeon, and saw 7 of its levels.

You collected 288 gold pieces.
You spent 205 gold pieces at shops.

Inventory:

Missiles
 c - 35 poisoned darts (quivered)
 r - a curare-tipped dart
Armour
 g - a +2 buckler (melded)
 q - a +2 hat (melded)
Wands
 f - a wand of iceblast (4)
 p - a wand of polymorph (6)
Scrolls
 b - 3 scrolls of immolation {unknown}
 e - 2 scrolls of fog {unknown}
 h - a scroll of blinking {unknown}
 i - a scroll of summoning {unknown}
 j - 2 scrolls of amnesia {unknown}
 k - a scroll of noise
 m - a scroll of magic mapping {unknown}
 n - a scroll of teleportation {unknown}
 o - a scroll of fear {unknown}
Potions
 a - 4 potions of attraction
 d - 3 potions of heal wounds
 l - a potion of degeneration {unknown}


   Skills:
 + Level 2.9 Fighting
 + Level 1.4 Throwing
 + Level 3.7 Dodging
 + Level 4.7 Stealth
 + Level 0.4 Shields
 + Level 6.4 Unarmed Combat
 + Level 3.3 Spellcasting
 + Level 3.5 Transmutations
 + Level 1.8 Poison Magic


You had 3 spell levels left.
You knew the following spells:

 Your Spells              Type           Power      Damage    Failure   Level
a - Beastly Appendage     Tmut           26%        N/A       14%         1
b - Wereblood             Tmut           13%        N/A       19%         2
c - Spider Form           Tmut/Pois      5%         N/A       38%         3
d - Ice Form              Ice/Tmut       7%         N/A       85%         4

Your spell library contained the following spells:

 Spells                   Type           Power      Damage    Failure   Level
 Portal Projectile        Hex/Tloc       4%         N/A       71%         3
 Olgreb's Toxic Radiance  Pois           8%         N/A       83%         4
 Blade Hands              Tmut           6%         N/A       90%         5
 Excruciating Wounds      Necr           1%         N/A       100%        5
 Ozocubu's Refrigeration  Ice            1%         4d5       100%        7
 Ignition                 Fire           1%         3d3       100%        8


Dungeon Overview and Level Annotations

Branches:
Dungeon (6/15)             Temple (1/1) D:5

Altars:
Ashenzari
Cheibriados
Dithmenos
Fedhas
Gozag
Hepliaklqana
Kikubaaqudgha
Nemelex Xobeh
Okawaru
Qazlal
Ru
Sif Muna
Trog
Vehumet
Xom
The Shining One

Shops:
D:2 *   D:4 [

Annotations:
D:5 1 transporter


Innate Abilities, Weirdness & Mutations

You are a venomous arachnid creature.
You have poisonous fangs.
You are tiny and dextrous.
Your spellcasting is less reliable in this form.
Your armour is entirely melded.
You are incapable of wielding weapons or throwing items.
You cannot wear most types of armour.
((You are amphibious.))
You can wear up to eight rings at the same time.
((Your skin changes colour to match your surroundings (Stealth+).))
((Your rubbery body absorbs attacks. (AC +1, EV +1)))
((You are camouflaged near water. (Stealth+)))
((You have tentacles for arms and can constrict up to eight enemies at once.))


Message History

The steam dragon is moderately wounded.
You are engulfed in a cloud of scalding steam.
The steam dragon completely misses you. x2
You barely miss the steam dragon.
The steam dragon is moderately wounded.
You are engulfed in a cloud of scalding steam.
The steam dragon closely misses you. The steam dragon completely misses you.
You hit the steam dragon.
The steam dragon is moderately wounded.
You hit the steam dragon.
The steam dragon looks as sick as possible!
The steam dragon is moderately wounded.
The steam dragon misses you. The steam dragon completely misses you.
You hit the steam dragon but do no damage.
The steam dragon looks as sick as possible!
The steam dragon is heavily wounded.
The steam dragon closely misses you.
The steam dragon claws you but does no damage.
You barely miss the steam dragon.
The steam dragon is heavily wounded.
You are engulfed in a cloud of scalding steam.
The steam dragon barely misses you. The steam dragon claws you.
You hit the steam dragon but do no damage.
The steam dragon looks as sick as possible!
The steam dragon is heavily wounded.
The steam dragon breathes steam at you. The ball of steam misses you.
You bite the steam dragon!
The steam dragon looks as sick as possible!
The steam dragon is severely wounded.
You are engulfed in a cloud of scalding steam.
The steam dragon bites you!
* * * LOW HITPOINT WARNING * * *
The steam dragon completely misses you.
You completely miss the steam dragon.
The steam dragon is almost dead.
You are engulfed in a cloud of scalding steam.
* * * LOW HITPOINT WARNING * * *
The steam dragon misses you. The steam dragon claws you.
You die...

#. #...##.#
#.######....#
#.......)##.#
#.........'.#
#........##.#
#§.......##.######
#§.......##.......
#........##.....##
#s########.....##
#....D....# #....)###
#.###.....# #....<)..
#.###.....#####..).#..
#..###.........'....#..
#...#......#####....#..
#.. .#..........'....#..
##..._...########...##..
.. #.....##


You could see a steam dragon (extremely poisoned, catching breath).

Vanquished Creatures
  A water moccasin (D:5)
  2 black bears
  An ogre (D:6)
  A phantom (D:5)
  A kobold brigand (D:5)
  A scorpion (D:5)
  A wyvern skeleton (D:5)
  A water moccasin skeleton (D:4)
  A hound (Temple)
  A jelly (D:4)
  An orc priest (D:5)
  A bullfrog skeleton (D:5)
  An iguana (D:4)
  An orc wizard (D:5)
  Robin (D:2)
  4 gnolls (D:3)
  5 adders
  A howler monkey skeleton (D:5)
  2 dart slugs
  10 orcs
  5 bats
  9 endoplasms
  7 giant cockroaches
  9 goblins
  15 hobgoblins
  8 jackals
  25 kobolds
  3 quokkas
  13 ball pythons
  6 frilled lizards
  2 bushes (D:3)
140 creatures vanquished.

Vanquished Creatures (others)
  43 plants (D:5)
43 creatures vanquished.

Grand Total: 183 creatures vanquished

Notes
Turn   | Place    | Note
-------+----------+-------------------------------------------
     0 | D:1      | Crazydiamond the Octopode Transmuter began the quest for
                  | the Orb.
     0 | D:1      | Reached XP level 1. HP: 13/13 MP: 3/3
   387 | D:1      | Reached XP level 2. HP: 3/18 MP: 5/5
  1229 | D:2      | Reached skill level 1 in Stealth
  1229 | D:2      | Reached XP level 3. HP: 21/23 MP: 6/6
  1281 | D:2      | Learned a level 2 spell: Wereblood
  1285 | D:2      | Learned a level 3 spell: Spider Form
  1674 | D:2      | Noticed Robin
  1720 | D:2      | Killed Robin
  1723 | D:2      | Reached XP level 4. HP: 10/28 MP: 5/7
  2475 | D:2      | Found Xixait's General Store.
  2508 | D:2      | Bought a scroll of identify for 20 gold pieces
  2508 | D:2      | Bought a scroll of noise for 10 gold pieces
  2794 | D:2      | Noticed a black bear
  2941 | D:2      | Killed a black bear
  2942 | D:2      | Reached skill level 4 in Unarmed Combat
  2942 | D:2      | Reached XP level 5. HP: 24/34 MP: 1/9
  3472 | D:3      | Found a faded altar of an unknown god.
  3712 | D:3      | Found an ancient bone altar of Kikubaaqudgha.
  3746 | D:3      | Found a bloodstained altar of Trog.
  3836 | D:3      | Found a hazy altar of Hepliaklqana.
  3961 | D:3      | Reached skill level 1 in Throwing
  3966 | D:3      | Reached XP level 6. HP: 30/39 MP: 10/10
  4879 | D:4      | Found Xifiev's Antique Armour Emporium.
  5044 | D:4      | Noticed a black bear
  5082 | D:4      | Killed a black bear
  5083 | D:4      | Reached skill level 5 in Unarmed Combat
  5083 | D:4      | Reached skill level 1 in Poison Magic
  5083 | D:4      | Reached XP level 7. HP: 30/45 MP: 7/11
  5302 | D:4      | Bought a glowing hat for 175 gold pieces
  5378 | D:4      | Found a blossoming altar of Fedhas.
  5425 | D:4      | Found a glowing golden altar of the Shining One.
  5540 | D:5      | Entered Level 5 of the Dungeon
  5581 | D:5      | Identified the +4 short sword "Veudith" {flame, rN+ Will+}
  6073 | D:5      | Learned a level 4 spell: Ice Form
  6654 | D:5      | Reached XP level 8. HP: 11/51 MP: 12/12
  6931 | D:5      | Found a staircase to the Ecumenical Temple.
  6936 | D:5      | Reached skill level 6 in Unarmed Combat
  6948 | Temple   | Entered the Ecumenical Temple
  7165 | Temple   | Became a worshipper of Sif Muna the Loreminder
  7268 | D:5      | Found a sparkling altar of Nemelex Xobeh.
  7268 | D:5      | Found a transporter.
  7269 | D:5      | Noticed a wraith
  7724 | D:6      | Found a broken altar of Ashenzari.
  7734 | D:6      | Slain by a steam dragon

Illustrated notes

Levels and vault maps discovered:
D:1:      matt_arrival_grand_opening, layout_basic, roderic_lattice_a,
          nrook_mini_vaults, serial_bayou_crossing
D:2:      kennysheep_six_static_rooms, layout_loops_cross, serial_shops, shop,
          minmay_liquid_box, uniq_robin
D:3:      layout_rooms, mainiacjoe_overflow_chevrons, bloody_trog,
          nzn_hepliaklqana_mist_gate, chequers_ecumenical_altar_twisty,
          minmay_bisected
D:4:      layout_cave_pools, general_overflow_altar, lemuel_tele_altar,
          serial_shops, nicolae_shop_temple_entry_statues_fountains
D:5:      kennysheep_kobold_camp, layout_cave_pools, grunt_nemelex_the_gamble,
          temple_fountains
D:6:      layout_basic, cheibrodos_ashenzari_chains, elyvilon_altar_1,
          minmay_pentangle
Temple:   nicolae_temple_figure_zero

Skill      XL: |  1  2  3  4  5  6  7  8 |
---------------+-------------------------+-----
Stealth        | 1 2 3 4 |  4.7
Unarmed Combat | 4 5 6 |  6.4
Throwing       | 1 |  1.4
Fighting       | 2 |  2.9
Spellcasting   | 3 |  3.3
Dodging        | 3 |  3.7
Poison Magic   | 1 |  1.8
Transmutations | 3 |  3.5
Shields        | |  0.4

Action                   |  1- 3 |  4- 6 |  7- 9 || total
-------------------------+-------+-------+-------++-------
Melee: Unarmed           |    83 |   375 |   139 ||   597
       Constrict         |    23 |    36 |    19 ||    78
       Tentacles         |    15 |    99 |    12 ||   126
       Kick              |     4 |     4 |     2 ||    10
       Punch             |     3 |    18 |     2 ||    23
Throw: Dart              |     8 |    16 |       ||    24
 Cast: Beastly Appendage |     5 |     2 |     2 ||     9
       Spider Form       |       |     5 |     8 ||    13
  Use: Scroll            |       |     3 |     3 ||     6
 Stab: Sleeping          |     5 |     7 |     5 ||    17
Armor: Skin              |     6 |    15 |    14 ||    35
Dodge: Dodged            |    50 |   124 |    97 ||   271
Block: Buckler           |       |       |    16 ||    16
